TOP OF THE 1ST |
Nebraska Plainsmen batting - Pitching for Columbia River Rats : RHP Santiago Paez
|
Pitching: RHP Santiago Paez
|
|
Batting: RHB Bartolo Benítez
|
0-0: Ball 1-0: Swinging Strike 1-1: Swinging Strike 1-2: Strikes out swinging
|
Batting: RHB Young-hwan Hyon
|
0-0: Ball 1-0: Fly out, F6 (Line Drive, 6)
|
Batting: RHB António Nava
|
0-0: Ball 1-0: Called Strike 1-1: Foul Ball, location: 2F 1-2: Strikes out swinging
|
Top of the 1st over - 0 run(s), 0 hit(s), 0 error(s), 0 left on base; Nebraska 0 - Columbia 0 |
BOTTOM OF THE 1ST |
Columbia River Rats batting - Pitching for Nebraska Plainsmen : RHP Frank Glass
|
Pitching: RHP Frank Glass
|
|
Batting: LHB Floyd Long
|
0-0: Ball 1-0: Ball 2-0: Called Strike 2-1: Foul Ball, location: 2F 2-2: Foul Ball, location: 2F 2-2: Ground out U3 (Groundball, 3S)
|
Batting: RHB Miguel Montoya
|
0-0: Ball 1-0: Ground out 6-3 (Groundball, 6M)
|
Batting: RHB Bryce Bancroft
|
0-0: Ball 1-0: Called Strike 1-1: Foul Ball, location: 2F 1-2: Strikes out swinging
|
Bottom of the 1st over - 0 run(s), 0 hit(s), 0 error(s), 0 left on base; Nebraska 0 - Columbia 0 |
TOP OF THE 2ND |
Nebraska Plainsmen batting - Pitching for Columbia River Rats : RHP Santiago Paez
|
Batting: SHB Javier Zumaya
|
0-0: Ball 1-0: Fly out, F3 (Popup, 3S)
|
Batting: RHB Mike Thompson
|
0-0: Called Strike 0-1: Swinging Strike 0-2: Foul Ball, location: 2F 0-2: Ball 1-2: Strikes out swinging
|
Batting: RHB Dani Trejo
|
0-0: Ball 1-0: Ball 2-0: Ground out 5-3 (Groundball, 5S)
|
Top of the 2nd over - 0 run(s), 0 hit(s), 0 error(s), 0 left on base; Nebraska 0 - Columbia 0 |
BOTTOM OF THE 2ND |
Columbia River Rats batting - Pitching for Nebraska Plainsmen : RHP Frank Glass
|
Batting: RHB Jan Gosselin
|
0-0: Ball 1-0: Called Strike 1-1: Swinging Strike 1-2: Foul Ball, location: 2F 1-2: Strikes out looking
|
Batting: RHB Fernando Silva
|
0-0: Ball 1-0: Ground out 2-3 (Groundball, 2R)
|
Batting: RHB Eduardo Checchinato
|
0-0: Called Strike 0-1: Swinging Strike 0-2: Strikes out looking
|
Bottom of the 2nd over - 0 run(s), 0 hit(s), 0 error(s), 0 left on base; Nebraska 0 - Columbia 0 |
TOP OF THE 3RD |
Nebraska Plainsmen batting - Pitching for Columbia River Rats : RHP Santiago Paez
|
Batting: RHB Miguel Gómez
|
0-0: Ball 1-0: Foul Ball, location: 2F 1-1: Swinging Strike 1-2: Foul Ball, location: 2F 1-2: Foul Ball, location: 2F 1-2: Ground out 6-3 (Groundball, 6S)
|
Batting: LHB Alex Willis
|
0-0: Swinging Strike 0-1: Foul Ball, location: 2F 0-2: Ball 1-2: Ball 2-2: Foul Ball, location: 2F 2-2: Foul Ball, location: 2F 2-2: Strikes out looking
|
Batting: RHB George St. Clair
|
0-0: Foul Ball, location: 2F 0-1: Called Strike 0-2: Strikes out swinging
|
Top of the 3rd over - 0 run(s), 0 hit(s), 0 error(s), 0 left on base; Nebraska 0 - Columbia 0 |
BOTTOM OF THE 3RD |
Columbia River Rats batting - Pitching for Nebraska Plainsmen : RHP Frank Glass
|
Batting: RHB José Rivera
|
0-0: Fly out, F9 (Line Drive, 9LD)
|
Batting: RHB Héctor Rodríguez
|
0-0: Ball 1-0: Ball 2-0: Foul Ball, location: 2F 2-1: Called Strike 2-2: Strikes out swinging
|
Batting: LHB Juan Montés
|
0-0: Ball 1-0: Ball 2-0: Foul Ball, location: 2F 2-1: TRIPLE (Flyball, 8RXD)
|
Batting: LHB Floyd Long
|
0-0: Ball 1-0: Ball 2-0: Called Strike 2-1: Ball 3-1: Swinging Strike 3-2: Foul Ball, location: 2F 3-2: Base on Balls
|
Batting: RHB Miguel Montoya
|
0-0: Ball 1-0: Fly out, F8 (Flyball, 8LM)
|
Bottom of the 3rd over - 0 run(s), 1 hit(s), 0 error(s), 2 left on base; Nebraska 0 - Columbia 0 |
TOP OF THE 4TH |
Nebraska Plainsmen batting - Pitching for Columbia River Rats : RHP Santiago Paez
|
Batting: RHB Bartolo Benítez
|
0-0: Swinging Strike 0-1: Swinging Strike 0-2: Strikes out looking
|
Batting: RHB Young-hwan Hyon
|
0-0: Called Strike 0-1: Swinging Strike 0-2: Ball 1-2: Strikes out swinging
|
Batting: RHB António Nava
|
0-0: SINGLE (Groundball, 25) (infield hit)
|
Pinch Runner at 1st Thom Marshall:
|
|
Batting: SHB Javier Zumaya
|
0-0: Foul Ball, location: 2F 0-1: Hit by Pitch Thom Marshall to second
|
Batting: RHB Mike Thompson
|
0-0: Ball 1-0: Ball 2-0: Called Strike 2-1: Fly out, F3 (Popup, 3F)
|
Top of the 4th over - 0 run(s), 1 hit(s), 0 error(s), 2 left on base; Nebraska 0 - Columbia 0 |
BOTTOM OF THE 4TH |
Columbia River Rats batting - Pitching for Nebraska Plainsmen : RHP Frank Glass
|
Now at 3B: Thom Marshall
|
|
Batting: RHB Bryce Bancroft
|
0-0: Ball 1-0: Ball 2-0: Called Strike 2-1: Foul Ball, location: 2F 2-2: Foul Ball, location: 2F 2-2: Foul Ball, location: 2F 2-2: Reached on error, E6 (Groundball, 6)
|
Batting: RHB Jan Gosselin
|
0-0: Ground out 6-3 (Groundball, 6M) Bryce Bancroft to third
|
Batting: RHB Fernando Silva
|
0-0: Foul Ball, location: 2F 0-1: Foul Ball, location: 2F 0-2: Ball 1-2: Foul Ball, location: 2F 1-2: Fly out, F9 (Flyball, 9S)
|
Batting: RHB Eduardo Checchinato
|
0-0: Fly out, F6 (Popup, 7S)
|
Bottom of the 4th over - 0 run(s), 0 hit(s), 1 error(s), 1 left on base; Nebraska 0 - Columbia 0 |
TOP OF THE 5TH |
Nebraska Plainsmen batting - Pitching for Columbia River Rats : RHP Santiago Paez
|
Batting: RHB Dani Trejo
|
0-0: Ball 1-0: Called Strike 1-1: Ground out 1-3 (Groundball, 2R)
|
Batting: RHB Miguel Gómez
|
0-0: Fly out, F4 (Popup, 4M)
|
Batting: LHB Alex Willis
|
0-0: Swinging Strike 0-1: Foul Ball, location: 2F 0-2: Strikes out swinging
|
Top of the 5th over - 0 run(s), 0 hit(s), 0 error(s), 0 left on base; Nebraska 0 - Columbia 0 |
BOTTOM OF THE 5TH |
Columbia River Rats batting - Pitching for Nebraska Plainsmen : RHP Frank Glass
|
Batting: RHB José Rivera
|
0-0: SINGLE (Line Drive, 56)
|
Batting: RHB Héctor Rodríguez
|
0-0: Ball 1-0: Called Strike 1-1: Fielders Choice at 2nd, 5-4 (Groundball, 5L)
|
Batting: LHB Juan Montés
|
0-0: Called Strike Héctor Rodríguez steals 2nd base 0-1: Foul Ball, location: 2F 0-2: Ball 1-2: Ball 2-2: DOUBLE (Flyball, 89D) Héctor Rodríguez scores
|
Batting: LHB Floyd Long
|
0-0: Intentional Walk
|
Batting: RHB Miguel Montoya
|
0-0: Called Strike 0-1: Called Strike 0-2: Ball 1-2: Fielders Choice at 2nd, 5-4 (Groundball, 5) Juan Montés to third
|
Batting: RHB Bryce Bancroft
|
0-0: Foul Ball, location: 2F 0-1: Ball 1-1: Ball 2-1: Swinging Strike 2-2: Strikes out swinging
|
Bottom of the 5th over - 1 run(s), 2 hit(s), 0 error(s), 2 left on base; Nebraska 0 - Columbia 1 |
TOP OF THE 6TH |
Nebraska Plainsmen batting - Pitching for Columbia River Rats : RHP Santiago Paez
|
Batting: RHB George St. Clair
|
0-0: Ball 1-0: SINGLE (Flyball, 6MD)
|
Batting: RHB Bartolo Benítez
|
0-0: Bunted foul 0-1: Called Strike 0-2: Ball 1-2: Ball 2-2: SINGLE (Line Drive, 89S) George St. Clair to second
|
Batting: RHB Young-hwan Hyon
|
0-0: Called Strike 0-1: Ball 1-1: Reached on error, E5 (Groundball, 5S) George St. Clair scores Bartolo Benítez to third
|
Batting: SHB Thom Marshall
|
0-0: SINGLE (Line Drive, 6MD) Bartolo Benítez scores Young-hwan Hyon to third Runner from 3rd tries for Home, SAFE, no throw or cutoff
|
Batting: SHB Javier Zumaya
|
0-0: Called Strike 0-1: Called Strike 0-2: Grounds into double play, 5-4-3 (Groundball, 5)
|
Batting: RHB Mike Thompson
|
0-0: Fly out, F8 (Flyball, 8LD)
|
Top of the 6th over - 3 run(s), 3 hit(s), 1 error(s), 0 left on base; Nebraska 3 - Columbia 1 |
BOTTOM OF THE 6TH |
Columbia River Rats batting - Pitching for Nebraska Plainsmen : RHP Frank Glass
|
Batting: RHB Jan Gosselin
|
0-0: Ball 1-0: Fly out, F9 (Flyball, 89M)
|
Batting: RHB Fernando Silva
|
0-0: Called Strike 0-1: Swinging Strike 0-2: Ball 1-2: Foul Ball, location: 2F 1-2: Ball 2-2: Strikes out swinging
|
Batting: RHB Eduardo Checchinato
|
0-0: Fly out, F8 (Flyball, 8LM)
|
Bottom of the 6th over - 0 run(s), 0 hit(s), 0 error(s), 0 left on base; Nebraska 3 - Columbia 1 |
TOP OF THE 7TH |
Nebraska Plainsmen batting - Pitching for Columbia River Rats : RHP Santiago Paez
|
Batting: RHB Dani Trejo
|
0-0: Called Strike 0-1: Ball 1-1: Ball 2-1: Ground out 6-3 (Groundball, 6)
|
Batting: RHB Miguel Gómez
|
0-0: Ball 1-0: Swinging Strike 1-1: Foul Ball, location: 2F 1-2: Foul Ball, location: 2F 1-2: Ball 2-2: DOUBLE (Flyball, 89M)
|
Batting: LHB Alex Willis
|
0-0: Intentional Walk
|
Pinch Hitting: LHB Jim Unknown
|
0-0: Foul Ball, location: 2F 0-1: Called Strike 0-2: Fly out, F8 (Flyball, 8RM)
|
Pinch Hitting: LHB Pedro Gutiérrez
|
0-0: Swinging Strike 0-1: Foul Ball, location: 2F 0-2: Strikes out looking
|
Top of the 7th over - 0 run(s), 1 hit(s), 0 error(s), 2 left on base; Nebraska 3 - Columbia 1 |
BOTTOM OF THE 7TH |
Columbia River Rats batting - Pitching for Nebraska Plainsmen : RHP Frank Glass
|
Now at 2B: Manny Rodríguez
|
|
Now in CF: Jim Unknown
|
|
Batting: RHB José Rivera
|
0-0: Ball 1-0: Ball 2-0: Called Strike 2-1: Swinging Strike 2-2: Foul Ball, location: 2F 2-2: Fly out, F1 (Line Drive, 13)
|
Batting: RHB Héctor Rodríguez
|
0-0: Foul Ball, location: 2F 0-1: Foul Ball, location: 2F 0-2: Ball 1-2: Ball 2-2: Ball 3-2: DOUBLE (Flyball, 7M)
|
Batting: LHB Juan Montés
|
0-0: Called Strike Héctor Rodríguez steals 3rd base 0-1: Ball 1-1: Fly out, F9 (Flyball, 9D) Runner from 3rd tags up, SCORES, no throw
|
Batting: LHB Floyd Long
|
0-0: Ball 1-0: Ball 2-0: Ball 3-0: Foul Ball, location: 2F 3-1: Foul Ball, location: 2F 3-2: Foul Ball, location: 2F 3-2: SINGLE (Groundball, 56D)
|
Batting: RHB Miguel Montoya
|
0-0: Called Strike 0-1: Ball 1-1: Swinging Strike 1-2: Ball 2-2: Ball 3-2: Reached on error, E5 (Groundball, 5L) Floyd Long to second
|
Pitching: RHP Robinson Reyes
|
|
Pinch Hitting: RHB Raúl Ortíz
|
0-0: Ball 1-0: Called Strike 1-1: Swinging Strike 1-2: Foul Ball, location: 2F 1-2: Foul Ball, location: 2F 1-2: Hit by Pitch Floyd Long to third Miguel Montoya to second
|
Batting: RHB Jan Gosselin
|
0-0: Foul Ball, location: 2F 0-1: Ball 1-1: Ball 2-1: Ball 3-1: Fly out, F9 (Line Drive, 89S)
|
Bottom of the 7th over - 1 run(s), 2 hit(s), 1 error(s), 3 left on base; Nebraska 3 - Columbia 2 |
TOP OF THE 8TH |
Nebraska Plainsmen batting - Pitching for Columbia River Rats : RHP Santiago Paez
|
Now at 3B: Raúl Ortíz
|
|
Batting: RHB Young-hwan Hyon
|
0-0: SINGLE (Flyball, 89S)
|
Batting: SHB Thom Marshall
|
0-0: Ball 1-0: Fielders Choice at 2nd, 3-6 (Groundball, 3)
|
Batting: SHB Javier Zumaya
|
0-0: Called Strike 0-1: Ball Wild Pitch! Thom Marshall to second 1-1: Swinging Strike 1-2: Ball 2-2: Ball 3-2: Ground out 4-3 (Groundball, 4) Thom Marshall to third
|
Pitching: RHP Juan Lara
|
|
Batting: RHB Mike Thompson
|
0-0: Called Strike 0-1: Swinging Strike 0-2: DOUBLE (Line Drive, 7LS) Thom Marshall scores
|
Batting: RHB Dani Trejo
|
0-0: Ground out 6-3 (Groundball, 6)
|
Top of the 8th over - 1 run(s), 2 hit(s), 0 error(s), 1 left on base; Nebraska 4 - Columbia 2 |
BOTTOM OF THE 8TH |
Columbia River Rats batting - Pitching for Nebraska Plainsmen : RHP Robinson Reyes
|
Batting: RHB Fernando Silva
|
0-0: Foul Ball, location: 2F 0-1: Fly out, F9 (Flyball, 89M)
|
Batting: RHB Eduardo Checchinato
|
0-0: Foul Ball, location: 2F 0-1: Ball 1-1: Ball 2-1: SINGLE (Groundball, 4M)
|
Pitching: RHP Jim Unknown
|
|
Batting: RHB José Rivera
|
0-0: Foul Ball, location: 2F 0-1: Foul Ball, location: 2F 0-2: Ball 1-2: Ball 2-2: Ball 3-2: Strikes out swinging
|
Batting: RHB Héctor Rodríguez
|
0-0: Called Strike 0-1: Ball 1-1: Ground out 6-3 (Groundball, 6)
|
Bottom of the 8th over - 0 run(s), 1 hit(s), 0 error(s), 1 left on base; Nebraska 4 - Columbia 2 |
TOP OF THE 9TH |
Nebraska Plainsmen batting - Pitching for Columbia River Rats : RHP Juan Lara
|
Pitching: LHP Joaquín Ramírez
|
|
Batting: RHB Miguel Gómez
|
0-0: Ball 1-0: Ball 2-0: Called Strike 2-1: Ground out 5-3 (Groundball, 5L)
|
Batting: LHB Alex Willis
|
0-0: Called Strike 0-1: Ball 1-1: Called Strike 1-2: Ball 2-2: Foul Ball, location: 2F 2-2: Ball 3-2: Base on Balls
|
Batting: LHB Jim Unknown
|
0-0: Ball 1-0: Ball 2-0: Swinging Strike 2-1: Ball 3-1: Base on Balls Alex Willis to second
|
Batting: RHB Manny Rodríguez
|
0-0: Ball 1-0: Called Strike 1-1: Foul Ball, location: 2F 1-2: Foul Ball, location: 2F 1-2: Ball Wild Pitch! Alex Willis to third Jim Unknown to second 2-2: Ball 3-2: Strikes out looking
|
Batting: RHB Young-hwan Hyon
|
0-0: Called Strike 0-1: Ball 1-1: Foul Ball, location: 2F 1-2: Foul Ball, location: 2F 1-2: Ball 2-2: Foul Ball, location: 2F 2-2: SINGLE (Groundball, 34D) Alex Willis scores Jim Unknown to third Throwing error, E9 Jim Unknown scores Young-hwan Hyon to second
|
Batting: SHB Thom Marshall
|
0-0: SINGLE (Groundball, 6MD) Young-hwan Hyon to third Runner from 3rd tries for Home, SAFE, no throw or cutoff
|
Pitching: LHP Augusto Pérez
|
|
Batting: SHB Javier Zumaya
|
Pickoff Throw to First - Out!
|
Top of the 9th over - 3 run(s), 2 hit(s), 1 error(s), 0 left on base; Nebraska 7 - Columbia 2 |
BOTTOM OF THE 9TH |
Columbia River Rats batting - Pitching for Nebraska Plainsmen : RHP Jim Unknown
|
Pitching: LHP Freek Belt
|
|
Now at C: Juan Suárez
|
|
Batting: LHB Juan Montés
|
0-0: Foul Ball, location: 2F 0-1: Called Strike 0-2: Strikes out swinging
|
Batting: LHB Floyd Long
|
0-0: Called Strike 0-1: Called Strike 0-2: Foul Ball, location: 2F 0-2: Strikes out swinging
|
Batting: RHB Miguel Montoya
|
0-0: Called Strike 0-1: Foul Ball, location: 2F 0-2: Strikes out swinging
|
Bottom of the 9th over - 0 run(s), 0 hit(s), 0 error(s), 0 left on base; Nebraska 7 - Columbia 2 |
|